 Dungeon Crawl Stone Soup version 0.32-a0-953-g508020473e (webtiles) character file.

Game seed: 12934162355638508988

17005 HilariousDeathArtist the Fighter (level 12, -3/102 HPs)
             Began as a Coglin Reaver on Apr 16, 2024.
             Was an Elder of Kikubaaqudgha.
             Slain by a boulder beetle (18 damage)
             ... on level 13 of the Dungeon.
             The game lasted 00:18:42 (16230 turns).

HilariousDeathArtist the Fighter (Coglin Reaver)   Turns: 16230, Time: 00:18:42

Health: -3/102     AC: 13    Str: 17    XL:     12   Next: 43%
Magic:  20/20      EV: 10    Int: 14    God:    Kikubaaqudgha [****..]
Gold:   814        SH:  0    Dex: 14    Spells: 5/22 levels left

rFire   + . .        H - +4 trident (drain) {Anan}
rCold   + . .        K - +3 dagger "Ycec" {venom, rF+}
rNeg    + . .        o - +4 ring mail {rN+}
rPois   .            (no helmet)
rElec   .            F - +2 cloak
rCorr   .            (no gloves)
SInv    .            P - +0 pair of boots
Will    .....        (amulet unavailable)
Stlth   +            (ring unavailable)
HPRegen 0.37/turn    (ring unavailable)
MPRegen 0.17/turn    (no gizmo)

%: no passive effects
@: revved
A: off-hand wielding, slow wielding, warmup strikes, no jewellery, cold
resistance 1, strong 1
a: Invent Gizmo, Renounce Religion, Unearth Wretches


You were on level 13 of the Dungeon.
You worshipped Kikubaaqudgha.
Kikubaaqudgha was greatly pleased with you.
You visited 1 branch of the dungeon, and saw 13 of its levels.

You collected 946 gold pieces.
You spent 132 gold pieces at shops.

Inventory:

Hand Weapons
 j - a +2 dagger of electrocution {Djefatnebti}
   (You took it off a kobold on level 1 of the Dungeon)
 l - a +3 war axe {Sebastián}
   (You took it off a wight on level 6 of the Dungeon)
 z - a +5 scimitar
   (You took it off a wight on level 6 of the Dungeon)
 H - a +4 trident of draining (weapon) {Anan}
   (You took it off Jeremiah on level 7 of the Dungeon)
 K - the +3 dagger "Ycec" (offhand) {venom, rF+}
   (You found it on level 9 of the Dungeon)

   rF+:       It protects you from fire.
Missiles
 s - 14 stones
 C - 13 curare-tipped darts
 O - 2 throwing nets {!d}
Armour
 o - a +4 ring mail of positive energy (worn)
   (You took it off Ijyb on level 3 of the Dungeon)
 u - a +1 robe of resistance
   (You took it off an orc wizard on level 8 of the Dungeon)
 B - a +2 robe of willpower
   (You took it off Nergalle on level 11 of the Dungeon)
 F - a +2 cloak (worn)
   (You took it off Maurice on level 11 of the Dungeon)
 L - +0 acid dragon scales
   (You found it on level 10 of the Dungeon)
 P - a +0 pair of boots (worn)
   (You found it on level 11 of the Dungeon)
Magical Staves
 x - a staff of cold {rC+}
   (You found it on level 5 of the Dungeon)
Wands
 h - a wand of acid (12)
   (You took it off Jeremiah on level 7 of the Dungeon)
 p - a wand of paralysis (2)
   (You found it on level 2 of the Dungeon)
 q - a wand of flame (16)
   (You found it on level 7 of the Dungeon)
 y - a wand of mindburst (1)
   (You bought it in a shop on level 5 of the Dungeon)
Scrolls
 b - 2 scrolls of enchant armour
 e - 3 scrolls of noise {!r}
 f - a scroll of revelation
 g - a scroll of torment {!r}
 i - 2 scrolls of fog
 k - 3 scrolls of enchant weapon
 D - 2 scrolls of blinking {!r}
 E - a scroll of fear
 G - a scroll of amnesia {unknown}
 V - a scroll of vulnerability {!r!r}
 Y - 7 scrolls of teleportation {@r3}
Potions
 c - a potion of attraction {unknown}
 d - 2 potions of cancellation
 n - 3 potions of haste {unknown}
 r - a potion of ambrosia {unknown}
 t - 2 potions of resistance {unknown}
 w - a potion of might
 A - 3 potions of brilliance {unknown}
 I - a potion of invisibility
 J - 5 potions of curing {@q1}
 M - a potion of magic
 N - 3 potions of lignification {unknown}
 Q - a potion of heal wounds {unknown}
 U - 2 potions of mutation {!q}


   Skills:
 * Level 12.2 Fighting
 - Level 4.0 Polearms
 - Level 1.7 Dodging
 + Level 5.9 Spellcasting
 - Level 2.6 Conjurations
 * Level 11.7 Necromancy
 + Level 10.5 Evocations


You had 5 spell levels left.
You knew the following spells:

 Your Spells              Type           Power      Damage    Failure   Level
a - Necrotise             Necr           100%       1d9       1%          1
b - Blink                 Tloc           8%         N/A       41%         2
c - Dispel Undead         Necr           37%        3d15      2%          4
d - Curse of Agony        Necr           37%        N/A       6%          5
g - Apportation           Tloc           8%         N/A       30%         1
q - Kiss of Death         Conj/Necr      96%        2d12      1%          1
x - Vampiric Draining     Necr           37%        2d8       1%          3

Your spell library contained the following spells:

 Spells                   Type           Power      Damage    Failure   Level
 Fugue of the Fallen      Necr           37%        N/A       1%          3
 Cigotuvi's Dreadful Rot  Necr/Alch/Air  30%        N/A       9%          2
 Magic Dart               Conj           44%        1d5       10%         1
 Sting                    Conj/Alch      28%        1d4       17%         1
 Momentum Strike          Conj/Tloc      14%        3d8       26%         2
 Anguish                  Hex/Necr       10%        N/A       26%         4
 Summon Small Mammal      Summ           16%        N/A       30%         1
 Call Imp                 Summ           8%         N/A       41%         2
 Jinxbite                 Hex            8%         N/A       41%         2
 Hailstorm                Conj/Ice       7%         3d5       45%         3
 Borgnjor's Vile Clutch   Necr/Erth      10%        N/A       58%         5
 Confusing Touch          Hex            4%         N/A       65%         3
 Frozen Ramparts          Ice            8%         1d2       65%         3
 Ozocubu's Armour         Ice            4%         N/A       65%         3
 Ignite Poison            Fire/Alch      4%         N/A       96%         4
 Freezing Cloud           Conj/Ice/Air   3%         6-21      99%         5
 Alistair's Intoxication  Alch           2%         N/A       100%        5
 Metabolic Englaciation   Hex/Ice        2%         N/A       100%        5
 Death Channel            Necr           18%        N/A       34%         6


Dungeon Overview and Level Annotations

Branches:
Dungeon (13/15)            Temple (0/1) D:4            Lair (0/5) D:8
    Orc (0/2) D:9
 Vaults: D:13-14

Altars:
Hepliaklqana
Kikubaaqudgha
Sif Muna
The Shining One

Shops:
D:4 :   D:5 *

Portals:
Abyss: D:4

Annotations:
D:4 2 transporters, D0namaru's ghost, amateur DsGl


Innate Abilities, Weirdness & Mutations

You can wield a second weapon in your off-hand.
It takes a long time for you to wield or remove held weapons.
Your first few attacks do less damage.
You cannot equip rings or amulets.
Your flesh is cold resistant. (rC+)
Your muscles are strong. (Str +4, Int/Dex -1)


Message History

You feel as though you will be slow longer.
You take 6 damage, and have 79/102 hp.
You puncture the wraith with your +4 trident of draining!
You hit the wraith with the +3 dagger "Ycec".
The wraith barely misses you. The wraith hits you!
The wraith drains your vigour!
You feel as though you will be slow longer.
You take 6 damage, and have 73/102 hp.
You hit the wraith but do no damage. x2; The wraith hits you.
You take 3 damage, and have 70/102 hp.
Unknown command.
A wraith is nearby!
You hit the wraith with your +4 trident of draining.
You destroy the wraith!
Kikubaaqudgha accepts your kill.
You feel yourself speed up.
Done exploring.
Health restored: 102 Done exploring.
Done exploring.
Done exploring.
No target in view!
There is an open door here.
There is a stone staircase leading down here.
You climb downwards.
There is a stone staircase leading up here.
Unknown command.
Okay, then.
You see here a +0 whip.
You open the door.
There is an open door here.
The white ugly thing gurgles horribly!
You hear a shout! x2
The catoblepas bellows!
A two-headed ogre comes into view.
It is wielding a +0 giant spiked club and a +0 giant club.
The death knight shouts!
The two-headed ogre shouts in stereo!
The centaur warrior shouts!
A boulder beetle comes into view.
The boulder beetle leaps!
The boulder beetle moves out of view.
The deep elf pyromancer shouts!
The two-headed ogre shouts in stereo!
You hear a roar!
You hear a shout!
The centaur warrior shouts!
You barely miss the two-headed ogre with your +4 trident of draining.
You hit the two-headed ogre with the +3 dagger "Ycec".
The two-headed ogre is poisoned.
The two-headed ogre completely misses you.
The two-headed ogre hits you with a +0 giant club!
You take 11 damage, and have 91/102 hp.
You barely miss the two-headed ogre with your +4 trident of draining.
You hit the two-headed ogre with the +3 dagger "Ycec".
The two-headed ogre looks as sick as possible!
The two-headed ogre hits you with a +0 giant spiked club!
The two-headed ogre completely misses you.
You take 7 damage, and have 84/102 hp.
You barely miss the two-headed ogre with your +4 trident of draining.
You hit the two-headed ogre with the +3 dagger "Ycec".
The two-headed ogre looks as sick as possible!
You hit the two-headed ogre with the +3 dagger "Ycec".
The two-headed ogre looks as sick as possible!
You barely miss the two-headed ogre with your +4 trident of draining.
The two-headed ogre hits you with a +0 giant spiked club!
The two-headed ogre hits you with a +0 giant club!
You take 23 damage, and have 61/102 hp.
MASSIVE DAMAGE!!
You are too injured to fight recklessly!
You are too injured to fight recklessly!
You are too injured to fight recklessly!
You hit the two-headed ogre with the +3 dagger "Ycec".
The two-headed ogre looks as sick as possible!
You puncture the two-headed ogre with your +4 trident of draining!
You drain the two-headed ogre.
The two-headed ogre hits you with a +0 giant spiked club!
The two-headed ogre barely misses you.
You take 15 damage, and have 46/102 hp.
You closely miss the two-headed ogre with your +4 trident of draining.
You hit the two-headed ogre with the +3 dagger "Ycec".
The two-headed ogre looks as sick as possible!
You kill the two-headed ogre!
Kikubaaqudgha accepts your kill.
You hit the boulder beetle with your +4 trident of draining.
You hit the boulder beetle but do no damage.
The boulder beetle is poisoned.
The boulder beetle bites you but does no damage.
You hit the boulder beetle but do no damage. x2
The boulder beetle looks as sick as possible!
The boulder beetle bites you!
You take 8 damage, and have 39/102 hp.
You barely miss the boulder beetle with the +3 dagger "Ycec".
You hit the boulder beetle but do no damage.
The boulder beetle bites you!!
* * * LOW HITPOINT WARNING * * *
You take 20 damage, and have 19/102 hp.
You hit the boulder beetle but do no damage. x2
You drain the boulder beetle. The boulder beetle closely misses you.
You hit the boulder beetle but do no damage. x2
The boulder beetle bites you!
* * * LOW HITPOINT WARNING * * *
You take 12 damage, and have 7/102 hp.
You feel better. The boulder beetle bites you!!
You die...
Kikubaaqudgha rasps: You have failed me!
Welcome... death!

#....###.#
#....'...#
#....#####
##...# ##..###
#..## ######
##.##
#....###..#
#....##.@##
#....##B####
#..........#
#..........#
#..........####
#.#..###B.....#
#..#.##
#......#
.......
#......#
O#####..
#......#


You could see a boulder beetle (very poisoned, drained).

Vanquished Creatures
  A boulder beetle (D:10)
  4 two-headed ogres
  Harold (D:11)
  Nergalle (D:11)
  Lodul (D:11)
  Maurice (D:11)
  2 gargoyles (D:11)
  Maggie (D:8)
  2 kobold demonologists
  2 komodo dragons (D:12)
  Jeremiah (D:7)
  A troll (D:12)
  3 hornets
  4 shadows
  A wyvern (D:8)
  3 wraiths
  A vampire (D:11)
  A fire elemental (D:9)
  2 basilisks
  3 yaks
  4 fire bats (D:9)
  A steam dragon (D:7)
  Menkaure (D:7)
  5 vampire mosquitoes
  4 acid dragons
  5 water moccasins
  A hell hound (D:9)
  5 orc warriors
  4 black bears (D:8)
  2 ice beasts
  A wolf (D:8)
  2 centaurs (D:8)
  10 ogres
  2 phantoms
  3 kobold brigands
  Blork the orc (D:5)
  3 bullfrogs
  2 scorpions
  6 wights (D:6)
  3 howler monkeys
  2 lava snakes (D:9)
  5 hounds
  A jelly (D:5)
  8 orc priests
  Ijyb (D:3)
  12 orc wizards
  Natasha (thrice) (D:3)
  4 iguanas
  6 adders
  2 shadow imps
  A white imp (D:6)
  2 ufetubi (D:6)
  A dart slug (D:5)
  2 ribbon worms (D:3)
  37 orcs
  2 endoplasms
  2 giant cockroaches
  6 goblins
  6 hobgoblins
  25 kobolds
  2 quokkas
  7 ball pythons
  9 bats
  5 frilled lizards (D:2)
  4 rats
256 creatures vanquished.

Vanquished Creatures (collateral kills)
  An orc priest (D:8)
1 creature vanquished.

Grand Total: 257 creatures vanquished

Notes
Turn   | Place    | Note
-------+----------+-------------------------------------------
     0 | D:1      | HilariousDeathArtist the Coglin Reaver began the quest for
                  | the Orb.
     0 | D:1      | Reached XP level 1. HP: 16/16 MP: 3/3
   399 | D:1      | Reached skill level 3 in Polearms
   399 | D:1      | Reached XP level 2. HP: 22/23 MP: 4/4
  1081 | D:2      | Reached XP level 3. HP: 25/28 MP: 5/5
  1162 | D:2      | Reached skill level 3 in Fighting
  1734 | D:3      | Reached XP level 4. HP: 35/35 MP: 6/6
  1922 | D:3      | Found a shimmering blue altar of Sif Muna.
  1939 | D:3      | Found an ancient bone altar of Kikubaaqudgha.
  2002 | D:3      | Became a worshipper of Kikubaaqudgha
  2109 | D:3      | Noticed Ijyb
  2118 | D:3      | Paralysed by Ijyb for 5 turns
  2130 | D:3      | Killed Ijyb
  2256 | D:3      | Noticed Natasha
  2269 | D:3      | HP: 6/35 [cerulean imp/+2 spear[Natasha] (5)]
  2271 | D:3      | Killed Natasha
  2272 | D:3      | Reached skill level 1 in Necromancy
  2272 | D:3      | Reached skill level 1 in Evocations
  2272 | D:3      | Reached XP level 5. HP: 8/41 MP: 7/7
  2409 | D:3      | Learned a level 1 spell: Necrotise
  2411 | D:3      | Learned a level 1 spell: Apportation
  2750 | D:3      | Noticed Natasha
  2759 | D:3      | Killed Natasha
  2760 | D:3      | Reached skill level 4 in Fighting
  2770 | D:3      | Noticed Natasha
  2781 | D:3      | Killed Natasha
  2782 | D:3      | Reached skill level 4 in Polearms
  2782 | D:3      | Reached skill level 2 in Necromancy
  2782 | D:3      | Reached XP level 6. HP: 45/48 MP: 8/8
  3025 | D:4      | Found a staircase to the Ecumenical Temple.
  3035 | D:4      | Reached skill level 2 in Evocations
  3116 | D:4      | Reached skill level 3 in Necromancy
  3116 | D:4      | Reached * piety under Kikubaaqudgha
  3116 | D:4      | Received a gift from Kikubaaqudgha
  3232 | D:4      | Found Muej's Self-Improvement Boutique.
  3323 | D:4      | Found a transporter.
  3324 | D:4      | Found a transporter.
  3327 | D:4      | Noticed a small abomination
  3403 | D:4      | Noticed D0namaru's ghost (amateur DsGl)
  3404 | D:4      | Found a one-way gate to the infinite horrors of the Abyss.
  3863 | D:5      | Entered Level 5 of the Dungeon
  3941 | D:5      | Reached XP level 7. HP: 51/55 MP: 4/9
  4106 | D:5      | Reached skill level 5 in Fighting
  4106 | D:5      | Reached skill level 3 in Evocations
  4172 | D:5      | Found Cumall's Assorted Antiques.
  4181 | D:5      | Bought a curved brass wand for 132 gold pieces
  4346 | D:5      | Reached skill level 4 in Necromancy
  4558 | D:5      | Found a hazy altar of Hepliaklqana.
  4931 | D:5      | Noticed Blork the orc
  4937 | D:5      | Killed Blork the orc
  4961 | D:5      | Reached skill level 4 in Evocations
  5004 | D:5      | Reached XP level 8. HP: 63/64 MP: 8/10
  5111 | D:6      | Reached skill level 6 in Fighting
  5121 | D:6      | HP: 13/57 [wight/+0 morningstar (2)]
  5122 | D:6      | HP: 3/57 [wight/+0 morningstar (11)]
  5126 | D:6      | Gained mutation: Your muscles are strong. (Str +4, Int/Dex
                  | -1) [potion of mutation]
  5126 | D:6      | Gained mutation: Your flesh is cold resistant. (rC+)
                  | [potion of mutation]
  5325 | D:6      | Reached skill level 5 in Necromancy
  5445 | D:6      | Learned a level 3 spell: Vampiric Draining
  5448 | D:6      | Learned a level 2 spell: Blink
  5612 | D:6      | Reached skill level 5 in Evocations
  5860 | D:6      | Reached skill level 7 in Fighting
  5865 | D:6      | Reached skill level 6 in Necromancy
  6085 | D:6      | Found a glowing golden altar of the Shining One.
  6153 | D:6      | Reached skill level 2 in Spellcasting
  6153 | D:6      | Reached XP level 9. HP: 45/72 MP: 10/12
  6155 | D:6      | HP: 17/69 [wight/+3 battleaxe (2)]
  6918 | D:7      | Noticed a hornet
  6925 | D:7      | Killed a hornet
  6926 | D:7      | Reached skill level 6 in Evocations
  6982 | D:7      | Reached ** piety under Kikubaaqudgha
  6991 | D:7      | HP: 17/73 [something/puff of flame (5)]
  7243 | D:7      | Reached skill level 7 in Necromancy
  7369 | D:7      | Reached skill level 8 in Fighting
  7578 | D:7      | Noticed Menkaure
  7640 | D:7      | Noticed Jeremiah
  7662 | D:7      | Killed Jeremiah
  7708 | D:7      | Noticed a kobold demonologist
  7711 | D:7      | Noticed an orange demon
  7739 | D:7      | Reached skill level 3 in Spellcasting
  7750 | D:7      | Killed a kobold demonologist
  7755 | D:7      | Killed Menkaure
  7756 | D:7      | Reached skill level 7 in Evocations
  7756 | D:7      | Reached XP level 10. HP: 38/82 MP: 14/14
  8056 | D:7      | Reached skill level 8 in Necromancy
  8666 | D:8      | Reached skill level 9 in Fighting
  8688 | D:8      | Noticed Maggie
  8775 | D:8      | Killed Maggie
  8944 | D:8      | Reached *** piety under Kikubaaqudgha
  8944 | D:8      | Received a gift from Kikubaaqudgha
  8962 | D:8      | Reached skill level 4 in Spellcasting
  9097 | D:8      | Found a staircase to the Lair.
  9108 | D:8      | Reached skill level 9 in Necromancy
  9298 | D:8      | Reached skill level 8 in Evocations
  9943 | D:9      | Reached skill level 10 in Fighting
 10259 | D:9      | Reached XP level 11. HP: 73/91 MP: 17/17
 10517 | D:9      | Found a staircase to the Orcish Mines.
 10787 | D:9      | Paralysed by a hornet for 3 turns
 11103 | D:9      | Identified the +3 dagger "Ycec" {venom, rF+}
 11197 | D:10     | Entered Level 10 of the Dungeon
 11197 | D:10     | Noticed a boulder beetle
 11211 | D:10     | Killed a boulder beetle
 11212 | D:10     | Reached skill level 10 in Necromancy
 11311 | D:10     | Learned a level 4 spell: Dispel Undead
 11317 | D:10     | Learned a level 5 spell: Curse of Agony
 11550 | D:10     | Reached skill level 9 in Evocations
 11716 | D:10     | HP: 18/92 [shadow (8)]
 12333 | D:11     | Noticed Harold
 12408 | D:11     | Killed Harold
 12409 | D:11     | Reached skill level 5 in Spellcasting
 12762 | D:11     | Reached skill level 11 in Fighting
 12929 | D:11     | Noticed a two-headed ogre
 12939 | D:11     | HP: 21/93 [two-headed ogre/+0 giant club (18)]
 12941 | D:11     | Killed a two-headed ogre
 13151 | D:11     | Noticed a two-headed ogre
 13158 | D:11     | HP: 12/93 [two-headed ogre/+0 giant club (22)]
 13161 | D:11     | Killed a two-headed ogre
 13166 | D:11     | Noticed a two-headed ogre
 13357 | D:11     | Killed a two-headed ogre
 13493 | D:11     | HP: 21/93 [gargoyle/+0 mace (16)]
 13865 | D:11     | Noticed Nergalle
 13887 | D:11     | Killed Nergalle
 13888 | D:11     | Reached skill level 11 in Necromancy
 14225 | D:11     | Reached XP level 12. HP: 88/100 MP: 20/20
 14265 | D:11     | Noticed Maurice
 14269 | D:11     | Killed Maurice
 14357 | D:11     | Noticed Lodul
 14360 | D:11     | Reached skill level 10 in Evocations
 14361 | D:11     | Killed Lodul
 14366 | D:11     | Reached **** piety under Kikubaaqudgha
 15000 | D:12     | Reached skill level 12 in Fighting
 16202 | D:13     | Noticed a catoblepas
 16205 | D:13     | Noticed a tengu warrior
 16206 | D:13     | Noticed a death knight
 16206 | D:13     | Noticed a two-headed ogre
 16206 | D:13     | Noticed a centaur warrior
 16207 | D:13     | Noticed a centaur warrior
 16207 | D:13     | Noticed a boulder beetle
 16210 | D:13     | Noticed a boulder beetle
 16211 | D:13     | Noticed a two-headed ogre
 16211 | D:13     | Noticed a centaur warrior
 16212 | D:13     | Noticed a five-headed hydra
 16224 | D:13     | Killed a two-headed ogre
 16227 | D:13     | HP: 19/102 [boulder beetle (21)]
 16229 | D:13     | HP: 7/102 [boulder beetle (12)]
 16230 | D:13     | Slain by a boulder beetle

Illustrated notes

Levels and vault maps discovered:
D:1:      elethiomel_arrival_shortcut, layout_basic, nrook_mini_backslash
D:2:      kennysheep_six_static_rooms, layout_basic, minmay_lizard_pond
D:3:      layout_loops_ring, mainiacjoe_overflow_catwalk_spiral,
          amethyst_killhole, corexii_item_surrounded_by_moat,
          ebering_dispersal_statue_hall, hangedman_decor_push,
          minmay_misc_feat_tower, uniq_ijyb, uniq_natasha
D:4:      layout_cave_pods, minmay_temple_entry_steel_oval,
          gammafunk_ghost_abyssal_escape, minmay_splitting_lines,
          minmay_misc_feat_room, nicolae_shop_self_help
D:5:      nicolae_cairo_tiling, layout_gridville,
          nicolae_overflow_crystal_walls, serial_shops, nicolae_shop_peninsula,
          patterned_corridor, uniq_blork_the_orc
D:6:      layout_loops_corners, nicolae_tso_carved_into_rock, grunt_tough_drop
D:7:      layout_gridville, uniq_jeremiah, uniq_menkaure
D:8:      layout_rooms, minmay_lair_entry_grove, nicolae_tricolors, uniq_maggie
D:9:      layout_stronghold, orc_0_dummy, hangedman_incinerator
D:10:     layout_loops_ring
D:11:     layout_grid_maze, uniq_lodul, uniq_nergalle, uniq_harold, uniq_maurice
D:12:     layout_stronghold
D:13:     layout_basic, david_vaults_2, minmay_joined_circles

Skill      XL: |  1  2  3  4  5  6  7  8  9 10 11 12 |
---------------+-------------------------------------+-----
Polearms       | 3 4 |  4.0
Fighting       | 3 4 5 7 8 10 11 12 | 12.2
Necromancy     | 1 2 3 4 6 7 9 11 | 11.7
Evocations     | 1 2 4 5 7 8 9 10 | 10.5
Spellcasting   | 2 3 4 5 |  5.9
Dodging        | |  1.7
Conjurations   | |  2.6

Action                     |  1- 3 |  4- 6 |  7- 9 | 10-12 || total
---------------------------+-------+-------+-------+-------++-------
  Melee: Spear             |    83 |   101 |       |       ||   184
         Dagger            |    70 |    88 |   181 |   272 ||   611
         Trident           |       |     3 |   100 |   346 ||   449
         War axe           |       |       |    94 |       ||    94
   Cast: Necrotise         |       |    15 |    48 |    52 ||   115
         Vampiric Draining |       |       |     3 |    30 ||    33
         Dispel Undead     |       |       |       |     5 ||     5
         Blink             |       |       |       |     1 ||     1
  Evoke: Wand              |       |     9 |     3 |    30 ||    42
    Use: Scroll            |       |     3 |     5 |     5 ||    13
         Potion            |       |       |     4 |     1 ||     5
   Stab: Sleeping          |     1 |       |       |       ||     1
         Paralysed         |       |    25 |    15 |       ||    40
 Armour: Leather armour    |     7 |       |       |       ||     7
         Scale mail        |    30 |    13 |       |       ||    43
         Ring mail         |       |    42 |   163 |   312 ||   517
  Dodge: Dodged            |    21 |    24 |    78 |   171 ||   294

Table legend: (Time is in decaauts)
 A = Elapsed time spent in this place.
 B = Non-inter-level travel time spent in this place.
 C = Inter-level travel time spent in this place.
 D = Time resting spent in this place.
 E = Time spent auto-exploring this place.
 F = Levels seen in this place.
 G = Mean time per level.
                   A        B        C        D        E       F      G
               +--------+--------+--------+--------+--------+-----+--------+
         Total |  16296 |  15945 |    351 |     52 |  13860 |  13 | 1253.5 |
       Dungeon |  16296 |  15945 |    351 |     52 |  13860 |  13 | 1253.5 |
               +--------+--------+--------+--------+--------+-----+--------+

Top non-repeatable levels by time:
    D:11: 2356 daAuts
     D:9: 1717 daAuts
     D:6: 1713 daAuts
     D:7: 1681 daAuts
     D:5: 1357 daAuts
    D:10: 1352 daAuts
    D:12: 1303 daAuts
     D:3: 1164 daAuts
     D:4: 1016 daAuts
     D:8: 901 daAuts
     D:1: 888 daAuts
     D:2: 785 daAuts
    D:13: 57 daAuts

Levels and vault maps discovered:
D:1:      elethiomel_arrival_shortcut, layout_basic, nrook_mini_backslash
D:2:      kennysheep_six_static_rooms, layout_basic, minmay_lizard_pond
D:3:      layout_loops_ring, mainiacjoe_overflow_catwalk_spiral,
          amethyst_killhole, corexii_item_surrounded_by_moat,
          ebering_dispersal_statue_hall, hangedman_decor_push,
          minmay_misc_feat_tower, uniq_ijyb, uniq_natasha
D:4:      layout_cave_pods, minmay_temple_entry_steel_oval,
          gammafunk_ghost_abyssal_escape, minmay_splitting_lines,
          minmay_misc_feat_room, nicolae_shop_self_help
D:5:      nicolae_cairo_tiling, layout_gridville,
          nicolae_overflow_crystal_walls, serial_shops, nicolae_shop_peninsula,
          patterned_corridor, uniq_blork_the_orc
D:6:      layout_loops_corners, nicolae_tso_carved_into_rock, grunt_tough_drop
D:7:      layout_gridville, uniq_jeremiah, uniq_menkaure
D:8:      layout_rooms, minmay_lair_entry_grove, nicolae_tricolors, uniq_maggie
D:9:      layout_stronghold, orc_0_dummy, hangedman_incinerator
D:10:     layout_loops_ring
D:11:     layout_grid_maze, uniq_lodul, uniq_nergalle, uniq_harold, uniq_maurice
D:12:     layout_stronghold
D:13:     layout_basic, david_vaults_2, minmay_joined_circles

Table legend: (Time is in decaauts)
 A = Elapsed time spent in this place.
 B = Non-inter-level travel time spent in this place.
 C = Inter-level travel time spent in this place.
 D = Time resting spent in this place.
 E = Time spent auto-exploring this place.
 F = Levels seen in this place.
 G = Mean time per level.
                   A        B        C        D        E       F      G
               +--------+--------+--------+--------+--------+-----+--------+
         Total |  16296 |  15945 |    351 |     52 |  13860 |  13 | 1253.5 |
       Dungeon |  16296 |  15945 |    351 |     52 |  13860 |  13 | 1253.5 |
               +--------+--------+--------+--------+--------+-----+--------+

Top non-repeatable levels by time:
    D:11: 2356 daAuts
     D:9: 1717 daAuts
     D:6: 1713 daAuts
     D:7: 1681 daAuts
     D:5: 1357 daAuts
    D:10: 1352 daAuts
    D:12: 1303 daAuts
     D:3: 1164 daAuts
     D:4: 1016 daAuts
     D:8: 901 daAuts
     D:1: 888 daAuts
     D:2: 785 daAuts
    D:13: 57 daAuts

Table legend:
 A = Kills in this place as a percentage of kills in the entire game.
 B = Kills by you in this place as a percentage of kills by you in the entire game.
 C = Kills by friends in this place as a percentage of kills by friends in the entire game.
 D = Other kills in this place as a percentage of other kills in the entire game.
 E = Experience gained in this place as a percentage of experience gained in the entire game.
 F = Experience gained in this place divided by the number of levels of this place that you have seen.
                   A       B       C       D       E      F
               +-------+-------+-------+-------+-------+----------------------
         Total | 100.0 | 100.0 | 100.0 |   N/A | 100.0 | 1868.8
       Dungeon | 100.0 | 100.0 | 100.0 |   N/A | 100.0 | 1868.8
               +-------+-------+-------+-------+-------+----------------------
